Map: King's Cove LE

Players

GangusKaun

  • Race: Protoss Protoss
  • League: Gold
  • Spawn Location: 5:00

DisReSpeCT - Winner!

  • Race: Terran Terran
  • Spawn Location: 11:00

VOD

Have the link to the VOD?

Description

Time

  • Played on: Dec. 7, 2024, 2:46 p.m.
  • Length: 8:24
Show
View Real Time Build Order
Export as new Build Order

GangusKaun Protoss 

Build Orders: Zealot Archon, Dark Templar Rush 

Get SALT Encoding   

  13  0:14  Probe, Pylon  
  13  0:27  Probe  
  14  0:33  Gateway  
  14  0:42  Probe  
  15  0:45  Assimilator  
  15  0:56  Probe  
  16  1:08  Probe  
  17  1:20  Probe  
  18  1:28  Probe  
  18  1:29  Cybernetics Core  
  19  1:36  Probe  
  19  1:46  Probe  
  21  1:58  Probe  
  22  2:03  Nexus  
  22  2:06  Pylon  
  22  2:12  Assimilator  
  22  2:19  Adept  
  22  2:20  Twilight Council  
  21  3:03  Warp Gate  
  21  3:05  Adept  
  23  3:13  Probe  
  24  3:20  Gateway  
  24  3:22  Shield Battery  
  24  3:28  Shield Battery  
  24  3:31  Probe  
  25  3:37  Probe  
  25  3:39  Probe  
  26  3:48  Probe  
  27  3:49  Probe  
  27  3:53  Dark Shrine  
  29  4:00  Probe  
  30  4:03  Probe  
  31  4:22  Robotics Facility  
  31  4:29  Gateway  
  31  4:55  Probe x2  
  33  5:04  Assimilator  
  33  5:06  Assimilator  
  33  5:09  Adept x2  
  41  5:34  Dark Templar  
  28  5:53  Pylon  
  28  5:55  Pylon  
  28  5:59  Immortal  
  22  6:12  Dark Templar x2  
  26  6:40  Archon  
  26  6:56  Gateway  
  26  6:57  Gateway  
  26  7:01  Immortal  
  26  7:11  Shield Battery  
  26  7:15  Stalker  
  32  7:26  Probe x2  
  34  7:38  Probe, Pylon  
  35  8:06  Probe  
  35  8:09  Probe  
Show
View Real Time Build Order
Export as new Build Order

DisReSpeCT Terran - Winner!

Build Orders: Cyclone Opening 

Get SALT Encoding   

  12  0:00  SCV  
  13  0:12  SCV  
  14  0:18  Supply Depot  
  14  0:24  SCV  
  15  0:39  SCV  
  15  0:41  Barracks  
  16  0:45  Refinery  
  16  0:52  SCV  
  16  0:54  Refinery  
  17  1:04  SCV  
  18  1:16  SCV  
  19  1:28  Reaper, Orbital Command  
  19  1:30  Supply Depot  
  20  1:43  Factory  
  20  1:54  SCV  
  20  2:00  Barracks Reactor  
  21  2:07  SCV  
  22  2:24  Command Center  
  22  2:33  SCV  
  22  2:34  Factory Tech Lab  
  23  2:44  Marine x2, Supply Depot  
  23  2:45  SCV  
  26  2:54  Cyclone  
  26  2:58  Mag-Field Accelerator  
  28  3:05  Marine x2  
  28  3:07  SCV  
  31  3:23  Marine x2  
  31  3:24  SCV  
  31  3:26  Cyclone  
  37  3:36  SCV  
  37  3:39  Starport  
  38  3:41  Marine x2  
  38  3:45  Orbital Command  
  40  3:50  SCV  
  41  3:59  Cyclone  
  41  4:00  Marine  
  41  4:02  SCV  
  46  4:03  Marine  
  47  4:11  SCV  
  47  4:15  Medivac  
  47  4:17  SCV  
  51  4:22  Marine x2  
  51  4:24  SCV  
  54  4:30  Barracks  
  54  4:46  Starport Tech Lab  
  54  4:50  Barracks  
  54  5:05  Supply Depot  
  54  5:08  Engineering Bay  
  54  5:10  Supply Depot  
  54  5:27  SCV x2, Marine x2  
  58  5:29  Supply Depot  
  58  5:33  Starport Reactor  
  58  5:37  Factory Reactor, Terran Infantry Weapons Level 1  
  58  5:39  SCV x2  
  60  5:47  Missile Turret  
  60  5:51  SCV x2  
  60  5:57  Missile Turret, Marine  
  60  5:58  Marine x2, Supply Depot  
  60  6:00  Stimpack  
  60  6:03  SCV x2  
  63  6:15  SCV x2, Marine  
  66  6:26  Supply Depot  
  66  6:27  SCV, Refinery  
  66  6:28  SCV, Refinery  
  66  6:30  Marine, Combat Shield, Supply Depot  
  66  6:31  Marine  
  65  6:40  Medivac x2, SCV x2  
  65  6:42  Command Center  
  70  6:52  SCV x2  
  70  6:53  Marauder x2, Marine x2  
  78  6:55  Widow Mine x2  
  82  7:10  Liberator  
  82  7:11  Marine x2  
  82  7:15  Marauder x2  
  91  7:17  SCV, Widow Mine x2  
  96  7:23  Supply Depot  
  96  7:24  Supply Depot  
  96  7:29  Marine  
  97  7:33  Supply Depot  
  97  7:38  Marauder x2, Marine  
  102  7:44  Medivac  
  102  7:45  Widow Mine x2  
  108  7:51  Marine  
Tags
 
Add a new tag
Caveats
  • Supply blocks, unpowered buildings, or Contaminate may cause inaccurate times.
  • Supply counts are checked every 10 seconds.